 Dungeon Crawl Stone Soup version 0.25-a0-294-gea9b1ad378 (webtiles) character file.

Game seed: 9403421662486109554, levelgen mode: deterministic

462 Redear the Sneak (level 7, 0/49 HPs)
             Began as an Octopode Monk on Dec 17, 2019.
             Succumbed to an adder's poison
             ... on level 4 of the Dungeon.
             The game lasted 00:04:48 (3186 turns).

Redear the Sneak (Octopode Monk)                    Turns: 3186, Time: 00:04:48

Health: 0/49       AC:  1    Str: 11    XL:     7   Next: 7%
Magic:  16/16      EV: 21    Int: 12    God:
Gold:   221        SH:  0    Dex: 21    Spells: 6/6 levels left

rFire    . . .     SeeInvis .   a - +0 falchion
rCold    . . .     Gourm    .   (no shield)
rNeg     . . .     Faith    .   (helmet restricted)
rPois    .         Spirit   .   (no amulet)
rElec    .         Reflect  .   b - ring of magical power {MP+9}
rCorr    .         Harm     .   (no ring)
MR       .....                  (no ring)
Stlth    +++++.....             (no ring)
HPRegen  0.16/turn              (no ring)
MPRegen  0.15/turn              (no ring)
                                (no ring)
                                (no ring)

@: agile, lethally poisoned (0 -> -16), berserk cooldown, slowed, very slow
A: almost no armour, stealthy swim, amphibious, 8 rings, constrict 8, camouflage
1, gelatinous body 1
a: no special abilities


You were on level 4 of the Dungeon.
You were not hungry.

You visited 1 branch of the dungeon, and saw 4 of its levels.

You collected 221 gold pieces.

Inventory:

Hand Weapons
 a - a +0 falchion (weapon)
Missiles
 i - 17 poisoned darts (quivered)
 p - 7 javelins
Jewellery
 b - a ring of magical power (left tentacle) {MP+9}
 g - a cursed -2 ring of evasion {unknown}
Scrolls
 c - 2 scrolls of teleportation {unknown}
 e - 4 scrolls of identify {unknown}
 f - 3 scrolls of noise {unknown}
 h - a scroll of fear {unknown}
 k - a scroll of enchant weapon {unknown}
 n - 3 scrolls of remove curse {unknown}
 o - 2 scrolls of enchant armour {unknown}
 s - a scroll of immolation {unknown}
Potions
 d - a potion of berserk rage
 j - a potion of haste {unknown}
 l - a potion of agility {Stlth+ Dex+5 EV+5 | @q4}
 m - 2 potions of heal wounds {unknown}
 q - a potion of mutation {unknown}
 r - a potion of cancellation {unknown}
Comestibles
 t - 3 chunks of flesh
 z - 9 rations


   Skills:
 + Level 4.6 Fighting
 + Level 4.6 Long Blades
 + Level 4.5 Dodging
 + Level 5.6 Stealth


You had 6 spell levels left.
You didn't know any spells.
Your spell library was empty.

Dungeon Overview and Level Annotations

Branches:
Dungeon (4/15)
 Temple: D:4-7

Altars:
Elyvilon
Kikubaaqudgha
Nemelex Xobeh
Beogh

Annotations:
D:4 3 runed translucent doors, MoonlitKnight's ghost, amateur GnSk


Innate Abilities, Weirdness & Mutations

You cannot wear most types of armour.
You are very stealthy in the water. (Stealth+)
You are amphibious.
You can wear up to eight rings at the same time.
You can use your tentacles to constrict eight enemies at once.
Your skin changes colour to match your surroundings (Stealth+).
Your rubbery body absorbs attacks. (AC +1, EV +1)


Message History

You are too berserk!
Unknown command.
* * * LOW HITPOINT WARNING * * *
You feel sick.
You take 1 damage, and have 6/73 hp.
You feel a strong urge to attack something.
* * * LOW HITPOINT WARNING * * *
You feel sick.
You take 1 damage, and have 5/73 hp.
* * * LOW HITPOINT WARNING * * *
You feel sick.
You feel your anger nearly subside.
You are no longer berserk.
You are exhausted.
You feel yourself slow down.
* * * LOW HITPOINT WARNING * * *
You feel sick.
You now have 2/49 hp.
It was a potion of agility.
You feel agile all of a sudden.
You die...

########
###############[.....#
...........[..'......#
........##...##......#
........##...##......#
...(.)..##...##..)...#
.......@##...##......#
.......†''...''......+.
........##...##......##.
........##...##.........
........##...####+#..###
........##...####...#.##
###>.............<.#.#.#
################.##.#.
#.###.#


There were no monsters in sight!

Vanquished Creatures
  An ogre (D:4)
  Blork the orc (D:4)
  A howler monkey (D:4)
  A bullfrog skeleton (D:4)
  An orc priest (D:3)
  4 worker ants (D:4)
  A hound skeleton (D:4)
  Robin (D:2)
  2 adders (D:4)
  A worm (D:4)
  A dart slug (D:2)
  2 leopard geckos
  6 orcs
  2 ball pythons
  9 goblins
  6 hobgoblins
  7 jackals (D:1)
  6 kobolds
  3 quokkas
  7 bats
  3 frilled lizards
  A leopard gecko skeleton (D:4)
  6 rats
73 creatures vanquished.

Notes
Turn   | Place    | Note
-------+----------+-------------------------------------------
     0 | D:1      | Redear the Octopode Monk began the quest for the Orb.
     0 | D:1      | Reached XP level 1. HP: 16/16 MP: 1/1
    76 | D:1      | Reached skill level 3 in Stealth
    76 | D:1      | Reached XP level 2. HP: 14/21 MP: 2/2
   717 | D:1      | Reached XP level 3. HP: 19/26 MP: 3/3
  1397 | D:2      | Found an ancient bone altar of Kikubaaqudgha.
  1592 | D:2      | Found a white marble altar of Elyvilon.
  1671 | D:2      | Noticed Robin
  1701 | D:2      | Killed Robin
  1701 | D:2      | Reached XP level 4. HP: 13/31 MP: 4/4
  2052 | D:3      | Reached skill level 4 in Stealth
  2212 | D:3      | Found a sparkling altar of Nemelex Xobeh.
  2602 | D:4      | Reached XP level 5. HP: 33/37 MP: 5/5
  2617 | D:4      | Reached skill level 4 in Long Blades
  2627 | D:4      | Found a runed translucent gate.
  2627 | D:4      | Found a runed translucent gate.
  2631 | D:4      | Found a runed translucent gate.
  2631 | D:4      | Identified the cursed +2 hunting sling of Teovaf {venom,
                  | Fragile rElec rPois Int+3}
  2631 | D:4      | Noticed MoonlitKnight's ghost (amateur GnSk)
  2635 | D:4      | Found a roughly hewn altar of Beogh.
  2673 | D:4      | Noticed Blork the orc
  2709 | D:4      | Reached skill level 4 in Fighting
  2769 | D:4      | Reached skill level 4 in Dodging
  2780 | D:4      | Reached XP level 6. HP: 41/43 MP: 6/6
  2787 | D:4      | Killed Blork the orc
  2787 | D:4      | Reached skill level 5 in Stealth
  3178 | D:4      | Reached XP level 7. HP: 12/49 MP: 7/7
  3181 | D:4      | HP: 7/73 [poisoned by an adder]
  3185 | D:4      | HP: 2/49 [poisoned by an adder]
  3186 | D:4      | Succumbed to an adder's poison

Levels and vault maps discovered:
D:1:      wander_arrival_peaceful_grave, layout_basic
D:2:      layout_basic, kiku_gazebo_pond_becter, first_ration, st_stairs_7,
          elyvilon_altar_5, uniq_robin
D:3:      layout_basic, old_standard_altar
D:4:      layout_basic, biasface_ghost_orc_armoury, minmay_circle_x,
          uniq_blork_the_orc, uniq_crazy_yiuf_cottage

Skill      XL: |  1  2  3  4  5  6 |
---------------+-------------------+-----
Stealth        | 3 4 5 |  5.6
Long Blades    | 4 |  4.6
Fighting       | 4 |  4.6
Dodging        | 4 |  4.5

Action                   |  1- 3 |  4- 6 |  7- 9 || total
-------------------------+-------+-------+-------++-------
Melee: Falchion          |    77 |    84 |     3 ||   164
       Constrict         |    26 |    23 |     1 ||    50
       Tentacles         |    18 |    26 |       ||    44
  Use: Potion            |       |     1 |     1 ||     2
 Stab: Sleeping          |     7 |     5 |       ||    12
  Eat: Chunk             |     2 |     5 |       ||     7
Armor: Skin              |     6 |     5 |       ||    11
Dodge: Dodged            |    83 |    69 |     1 ||   153
       Rpst.: Falchion   |    21 |    17 |       ||    38

Table legend:
 A = Non-vault XP
 B = Vault XP
 C = Vault XP percentage of total XP
 D = Non-vault monster count
 E = Vault monster count
 F = Vault count percentage of total count
                 A         B        C        D         E       F
            +---------+---------+-------+---------+---------+-------
      Total |     490 |     171 |  25.9 |      61 |      12 |  16.4
            +---------+---------+-------+---------+---------+-------
        D:1 |      37 |       0 |   0.0 |      23 |       0 |   0.0
        D:2 |      21 |      28 |  57.1 |      11 |       9 |  45.0
        D:3 |      68 |       0 |   0.0 |      13 |       0 |   0.0
        D:4 |     364 |     143 |  28.2 |      14 |       3 |  17.6
            +---------+---------+-------+---------+---------+-------
